 Dungeon Crawl Stone Soup version 0.31-a0-986-g5e6e4ef867 (webtiles) character file.

Game seed: 16426914916038096351

207 zenocrate the Chiller (level 5, -2/28 HPs)
             Began as a Vampire Ice Elementalist on Nov 17, 2023.
             Was an Initiate of Gozag.
             Slain by Grinder (5 damage)
             ... while paralysed by Grinder
             ... on level 5 of the Dungeon.
             The game lasted 00:04:13 (3200 turns).

zenocrate the Chiller (Vampire Ice Elementalist)    Turns: 3200, Time: 00:04:13

Health: -2/28      AC:  9    Str:  7    XL:     5   Next: 54%
Magic:  7/9        EV:  2    Int: 17    God:    Gozag
Gold:   147        SH:  0    Dex: 17    Spells: 1/9 levels left

rFire   . . .        a - +0 rapier
rCold   + + +        (no shield)
rNeg    + + +        g - +0 robe
rPois   ∞            (no helmet)
rElec   .            (no cloak)
rCorr   .            (no gloves)
SInv    +            k - +0 pair of boots
Will    .....        (no amulet)
Stlth   +++++        r - ring "Cuutyuga" {rC+ Slay+3}
HPRegen 0.00/turn    i - ring of wizardry
MPRegen 0.11/turn

%: wizardry (x1)
@: paralysed, ice-armoured, bloodless, inhibited regen, hasted
A: bloodless, fangs 3, see invisible, vampiric 2
a: Bat Form, Revivify, Renounce Religion, Potion Petition, Call Merchant, Bribe
Branch


You were on level 5 of the Dungeon.
You worshipped Gozag.
Gozag was aware of your devotion.
You visited 1 branch of the dungeon, and saw 5 of its levels.

You collected 204 gold pieces.
You paid 57 gold pieces to Gozag.

Inventory:

Hand Weapons
 a - a +0 rapier (weapon)
 b - a +0 dagger
Armour
 g - a +0 robe (worn)
 k - a +0 pair of boots (worn)
Jewellery
 i - a ring of wizardry (right hand)
 r - the ring "Cuutyuga" (left hand) {rC+ Slay+3}
   (You found it on level 4 of the Dungeon)

   [ring of protection from cold]

   Slay+3:    It affects your accuracy & damage with ranged weapons and melee
   (+3).
   rC+:       It protects you from cold.
Scrolls
 d - 2 scrolls of revelation {unknown}
 e - a scroll of amnesia {unknown}
 f - a scroll of enchant weapon {unknown}
 l - a scroll of fog {unknown}
 o - 2 scrolls of teleportation {unknown}
 p - a scroll of vulnerability {unknown}
 q - a scroll of enchant armour {unknown}
Potions
 c - a potion of haste
 h - a potion of magic
 j - a potion of attraction
 m - a potion of brilliance {unknown}
 n - a potion of lignification {unknown}


   Skills:
 + Level 1.4 Short Blades
 - Level 2.1 Dodging
 + Level 5.3 Stealth
 + Level 2.9 Spellcasting
 + Level 5.5 Ice Magic


You had one spell level left.
You knew the following spells:

 Your Spells              Type           Power      Damage    Failure   Level
a - Freeze                Ice            84%        1d9       1%          1
b - Frozen Ramparts       Ice            42%        1d7       2%          3
c - Ozocubu's Armour      Ice            21%        N/A       2%          3
m - Apportation           Tloc           4%         N/A       8%          1

Your spell library contained the following spells:

 Spells                   Type           Power      Damage    Failure   Level
 Necrotise                Necr           8%         1d4       8%          1
 Summon Small Mammal      Summ           8%         N/A       8%          1
 Wereblood                Tmut           2%         N/A       11%         2
 Summon Ice Beast         Ice/Summ       11%        N/A       22%         4
 Irradiate                Conj/Tmut      1%         3d12      86%         5


Dungeon Overview and Level Annotations

Branches:
Dungeon (5/15)
 Temple: D:4-7

Altars:
Gozag
Xom

Shops:
D:1 [   D:5 (

Annotations:
D:5 Grinder


Innate Abilities, Weirdness & Mutations

You do not regenerate when monsters are visible.
You are frail without blood (-20% HP).
You can heal yourself when you bite living creatures.
You are immune to poison.
You have razor-sharp teeth.
You have supernaturally acute eyesight. (SInv)
You are afflicted with vampirism and can become a bat while bloodless.


Message History

You closely miss Grinder.
Grinder is heavily wounded.
The hound closely misses you. The wight closely misses you.
Grinder closely misses you.
Unknown command.
You closely miss Grinder.
Grinder is heavily wounded.
The hound bites you. The wight barely misses you.
The hound bites you but does no damage. Grinder barely misses you.
Unknown command.
Okay, then.
You puncture Grinder! You bite Grinder, but do no damage.
Grinder is severely wounded.
Unknown command.
You completely miss Grinder.
Grinder is severely wounded.
The hound bites you but does no damage. The wight hits you but does no damage.
Grinder hits you.
Unknown command.
Okay, then.
You barely miss Grinder. Your bite misses Grinder.
Grinder is severely wounded.
The hound closely misses you. The wight closely misses you.
Grinder barely misses you. The hound bites you but does no damage.
Unknown command.
You hit Grinder.
Grinder is severely wounded.
The hound bites you but does no damage.
Unknown command.
You hit Grinder.
Grinder is severely wounded.
Grinder gestures at you.
You suddenly lose the ability to move!
The wight hits you with a +0 dire flail!
* * * LOW HITPOINT WARNING * * *
The hound bites you but does no damage. The hound bites you but does no damage.
Grinder hits you.
You die...
Grinder says, "Now the real fun starts!"
Your body crumbles into a pile of gold.

.. #.# .# #.. # ##
...##.. ###.....
.......##... ..#
.........[###.# ##
....?..5z###..# ...
......h@......##.##
..................##
..........8.<.∩.>.8#
............!.......
####............#...
##...............
##.........#....
#.........# ...
#...<....##


You could see Grinder, a hound and a wight.

Vanquished Creatures
  2 iguanas
  2 orc wizards (D:4)
  4 adders
  A worm (D:3)
  2 dart slugs
  7 orcs
  7 ball pythons
  4 endoplasms
  8 goblins
  6 hobgoblins
  A jackal (D:1)
  A quokka (D:4)
  2 bats (D:1)
  2 frilled lizards
  3 kobolds
  10 rats
62 creatures vanquished.

Notes
Turn   | Place    | Note
-------+----------+-------------------------------------------
     0 | D:1      | zenocrate the Vampire Ice Elementalist began the quest for
                  | the Orb.
     0 | D:1      | Reached XP level 1. HP: 13/13 MP: 3/3
   209 | D:1      | Reached XP level 2. HP: 9/19 MP: 0/5
   402 | D:1      | Found Gintovep's Armour Shop.
   907 | D:2      | Gained mutation: You are afflicted with vampirism and can
                  | become a bat while bloodless. [Vampire growth]
   907 | D:2      | Reached XP level 3. HP: 21/24 MP: 6/6
   961 | D:2      | Learned a level 3 spell: Frozen Ramparts
  1371 | D:2      | Learned a level 1 spell: Apportation
  1503 | D:3      | Reached skill level 5 in Ice Magic
  1697 | D:3      | Reached XP level 4. HP: 30/30 MP: 5/7
  1716 | D:3      | Found a faded altar of an unknown god.
  2345 | D:3      | Learned a level 3 spell: Ozocubu's Armour
  2518 | D:4      | Found a shimmering altar of Xom.
  2524 | D:4      | Reached skill level 5 in Stealth
  2524 | D:4      | Reached XP level 5. HP: 16/35 MP: 5/8
  2655 | D:4      | Reached skill level 1 in Short Blades
  2972 | D:4      | Found an opulent altar of Gozag.
  2982 | D:4      | Became a worshipper of Gozag Ym Sagoz the Greedy
  3017 | D:4      | Identified the ring "Cuutyuga" {rC+ Slay+3}
  3170 | D:5      | Entered Level 5 of the Dungeon
  3170 | D:5      | Found Zinaur's Antique Weapon Boutique.
  3173 | D:5      | Noticed Grinder
  3199 | D:5      | Paralysed by Grinder for 5 turns
  3200 | D:5      | Slain by Grinder

Illustrated notes

Levels and vault maps discovered:
D:1:      dpeg_arrival_ratfight, layout_basic, serial_shops,
          nicolae_shop_hallway_stairs, minivault_11, st_stairs_5
D:2:      layout_loops_cross
D:3:      layout_basic, basic_ecumenical_altar, hangedman_decor_peaks_small
D:4:      layout_gridville, mainiacjoe_overflow_tiny_flanked,
          mainiacjoe_overflow_alcove_4
D:5:      minmay_bubble_buster, layout_rooms, minmay_temple_entry_large_hall,
          minivault_14, nicolae_stop_n_shop_2, uniq_pikel,
          uniq_crazy_yiuf_cottage, uniq_grinder

Skill      XL: |  1  2  3  4  5 |
---------------+----------------+-----
Stealth        | 4 5 |  5.3
Ice Magic      | 5 |  5.5
Short Blades   | 1 |  1.4
Dodging        | |  2.1
Spellcasting   | |  2.9

Action                     |  1- 3 |  4- 6 || total
---------------------------+-------+-------++-------
  Melee: Unarmed           |    18 |       ||    18
         Bite              |     6 |     6 ||    12
         Short sword       |    16 |       ||    16
         Rapier            |     3 |    47 ||    50
   Cast: Freeze            |    38 |    14 ||    52
         Frozen Ramparts   |       |     2 ||     2
         Ozocubu's Armour  |       |     1 ||     1
Ability: Exsanguinate      |       |     1 ||     1
    Use: Scroll            |       |     3 ||     3
         Potion            |       |     1 ||     1
   Stab: Sleeping          |     4 |     4 ||     8
 Armour: Robe              |    31 |    36 ||    67
  Dodge: Dodged            |    27 |    47 ||    74

Table legend: (Time is in decaauts)
 A = Elapsed time spent in this place.
 B = Non-inter-level travel time spent in this place.
 C = Inter-level travel time spent in this place.
 D = Time resting spent in this place.
 E = Time spent auto-exploring this place.
 F = Levels seen in this place.
 G = Mean time per level.
                   A        B        C        D        E       F      G
               +--------+--------+--------+--------+--------+-----+--------+
         Total |   3197 |   3014 |    183 |      0 |   2525 |   5 |  639.4 |
       Dungeon |   3197 |   3014 |    183 |      0 |   2525 |   5 |  639.4 |
               +--------+--------+--------+--------+--------+-----+--------+

Top non-repeatable levels by time:
     D:3: 937 daAuts
     D:1: 840 daAuts
     D:4: 740 daAuts
     D:2: 654 daAuts
     D:5: 24 daAuts
